 Dungeon Crawl Stone Soup version 0.23.2 (webtiles) character file.

Game seed: 14362638576559848150

4810 Smellybutthole the Cleaver (level 10, -1/84 HPs)
             Began as a Minotaur Berserker on Apr 9, 2019.
             Was a High Priest of Trog.
             Succumbed to an orc warrior's poison
             ... on level 1 of the Orcish Mines.
             The game lasted 00:49:44 (5079 turns).

Smellybutthole the Cleaver (Minotaur Berserker)     Turns: 5079, Time: 00:49:44

Health: -1/84      AC: 21    Str: 28    XL:     10   Next: 24%
Magic:  9/9        EV:  9    Int:  4    God:    Trog [*****.]
Gold:   297        SH:  0    Dex: 10    Spells: 9/9 levels left

rFire    . . .     SeeInvis .   k - +4 broad axe (venom)
rCold    . . .     Gourm    .   (no shield)
rNeg     . . .     Faith    .   x - +5 chain mail
rPois    .         Spirit   .   (helmet restricted)
rElec    .         Reflect  .   m - +0 cloak
rCorr    .         Harm     .   (no gloves)
MR       ++...                  (no boots)
Stlth    ..........             (no amulet)
HPRegen  1.24/turn              j - +4 ring of protection
MPRegen  0.11/turn              h - +5 ring of strength

@: lethally poisoned (-1 -> -6), regenerating
A: retaliatory headbutt, horns 2, talons 1, clumsy 1, wild magic 1
a: Berserk, Trog's Hand, Brothers in Arms, Renounce Religion


You were on level 1 of the Orcish Mines.
You worshipped Trog.
Trog was extremely pleased with you.
You were hungry.

You visited 2 branches of the dungeon, and saw 9 of its levels.

You collected 549 gold pieces.
You spent 252 gold pieces at shops.

Inventory:

Hand Weapons
 k - a +4 broad axe of venom (weapon)
Missiles
 w - 14 tomahawks (quivered)
Armour
 f - a +2 scale mail of fire resistance
 m - a +0 cloak (worn)
 x - a +5 chain mail (worn)
Jewellery
 h - a +5 ring of strength (right hand)
 j - a +4 ring of protection (left hand)
Wands
 b - a wand of paralysis (9)
 p - a wand of flame (23)
Scrolls
 d - 2 scrolls of remove curse
 e - a scroll of teleportation
 g - 6 scrolls of identify
 l - 3 scrolls of magic mapping
Potions
 a - a potion of haste
Comestibles
 c - 14 rations
 i - 4 chunks of flesh


   Skills:
 + Level 6.4 Fighting
 + Level 14.5 Axes
 * Level 9.1 Armour
 - Level 2.1 Dodging


You had 9 spell levels left.
You didn't know any spells.
Your spell library was empty.

Dungeon Overview and Level Annotations

Branches:
Dungeon (9/15)                Orc (2/2) D:9
 Temple: D:4-7         Lair: D:8-11         Elf: Orc:2

Altars:
Cheibriados
Elyvilon
Gozag
Hepliaklqana
Kikubaaqudgha
Ru
Uskayaw
The Shining One

Shops:
D:9 (


Innate Abilities, Weirdness & Mutations

You reflexively headbutt those who attack you in melee.
You have a pair of horns on your head.
You have sharp toenails.
You are clumsy. (Dex -2)
Your spells are a little harder to cast, but a little more powerful.


Message History

* * * LOW HITPOINT WARNING * * *
You feel very sick.
* * * LOW HITPOINT WARNING * * *
You feel very sick.
Your skin crawls.
You feel resistant to hostile enchantments.
You are feeling hungry.
* * * LOW HITPOINT WARNING * * *
You feel very sick.
An orc comes into view.
* * * LOW HITPOINT WARNING * * *
You feel sick.
The orc shouts!
You hear a shout!
An orc warrior comes into view. It is wielding a +0 battleaxe.
There is a stone staircase leading up here.
You can't go down here!
* * * LOW HITPOINT WARNING * * *
You feel sick.
You climb upwards.
You die...

##.#####.....#..#..###......#
#...##..............##.^.#...
#..........รท#.......#...#..#
##.##.##........#...#..#...#
#...######.........#...##.##
###....#.#.........##....###
##.##...............#....##
#..................#......#
##...........@....#.#.##.##
###.###...............#.##
####....#..............###
#.......^.........#.##.##
##...............#......#
##.........#........#.##
#.................####
#.................##.## ##
##...)................#


There were no monsters in sight!

Vanquished Creatures
  The ghost of DungeonDestroyer the Charmwright, a novice GnSk of Yredelemnul (D:7)
  A troll (Orc:1)
  Prince Ribbit (D:8)
  3 hippogriffs
  Menkaure (D:7)
  Duvessa (D:7)
  5 orc warriors
  A centaur (D:7)
  5 ogres
  6 bullfrogs
  3 scorpions
  Dowan (D:7)
  4 wights (D:7)
  8 howler monkeys (D:8)
  2 vampire bats (D:9)
  2 crimson imps
  3 quasits
  4 orc priests
  2 hounds
  Crazy Yiuf (D:2)
  8 orc wizards
  2 bullfrog skeletons
  3 worker ants
  3 iguanas
  Terence (D:2)
  A hound skeleton (D:8)
  2 worker ant zombies (D:7)
  Robin (D:2)
  3 gnolls (D:4)
  3 adders
  A shadow imp (D:8)
  2 oozes
  3 worms
  2 dart slugs (D:2)
  48 orcs
  A ball python (D:2)
  8 bats
  4 bat skeletons (D:9)
  3 bat zombies (D:9)
  4 giant cockroaches
  16 goblins
  8 hobgoblins
  3 jackals (D:9)
  A quokka (D:9)
  5 frilled lizards
  11 kobolds
  4 rats
  2 withered plants (D:7)
208 creatures vanquished.

Notes
Turn   | Place    | Note
-------+----------+-------------------------------------------
     0 | D:1      | Smellybutthole the Minotaur Berserker began the quest for
                  | the Orb.
     0 | D:1      | Reached XP level 1. HP: 19/19 MP: 0/0
    88 | D:1      | Reached skill level 4 in Axes
   144 | D:1      | Reached XP level 2. HP: 24/26 MP: 1/1
   840 | D:2      | Reached skill level 5 in Axes
   893 | D:2      | Noticed a scorpion
   903 | D:2      | Killed a scorpion
   903 | D:2      | Reached skill level 6 in Axes
   903 | D:2      | Reached XP level 3. HP: 22/31 MP: 2/2
   903 | D:2      | Reached XP level 4. HP: 28/39 MP: 3/3
   929 | D:2      | Noticed Terence
   935 | D:2      | Reached ** piety under Trog
   938 | D:2      | Killed Terence
   973 | D:2      | Reached XP level 5. HP: 14/45 MP: 4/4
   979 | D:2      | Reached skill level 7 in Axes
  1055 | D:2      | Found a runed translucent door.
  1056 | D:2      | Noticed Crazy Yiuf
  1064 | D:2      | Killed Crazy Yiuf
  1129 | D:2      | Noticed Robin
  1149 | D:2      | Killed Robin
  1291 | D:3      | Reached skill level 8 in Axes
  1368 | D:3      | Reached *** piety under Trog
  1400 | D:3      | Reached XP level 6. HP: 43/51 MP: 5/5
  1978 | D:4      | Reached skill level 9 in Axes
  2043 | D:4      | Found a snail-covered altar of Cheibriados.
  2043 | D:4      | Found a glowing golden altar of the Shining One.
  2051 | D:4      | You fall through a shaft for 3 floors!
  2068 | D:7      | Reached XP level 7. HP: 41/57 MP: 6/6
  2111 | D:7      | Reached skill level 10 in Axes
  2178 | D:7      | Found a hide-covered altar of Uskayaw.
  2183 | D:7      | Found an opulent altar of Gozag.
  2195 | D:7      | Found a white marble altar of Elyvilon.
  2218 | D:7      | Found a runed translucent door.
  2219 | D:7      | Noticed DungeonDestroyer's ghost (novice GnSk)
  2280 | D:7      | Killed DungeonDestroyer's ghost
  2280 | D:7      | Reached skill level 11 in Axes
  2280 | D:7      | Reached XP level 8. HP: 20/64 MP: 7/7
  2436 | D:7      | Noticed a hippogriff
  2443 | D:7      | Killed a hippogriff
  2443 | D:7      | Reached skill level 12 in Axes
  2664 | D:7      | Noticed Duvessa
  2664 | D:7      | Noticed Dowan
  2672 | D:7      | Killed Dowan
  2675 | D:7      | Killed Duvessa
  2686 | D:7      | Noticed Menkaure
  2694 | D:7      | Killed Menkaure
  2765 | D:7      | Reached skill level 13 in Axes
  3002 | D:8      | Found a sacrificial altar of Ru.
  3048 | D:8      | Reached XP level 9. HP: 24/72 MP: 8/8
  3118 | D:8      | Noticed Prince Ribbit
  3157 | D:8      | Gained mutation: You are clumsy. (Dex -2) [potion of
                  | mutation]
  3157 | D:8      | Gained mutation: You have sharp toenails. [potion of
                  | mutation]
  3157 | D:8      | Gained mutation: Your spells are a little harder to cast,
                  | but a little more powerful. [potion of mutation]
  3328 | D:8      | Reached skill level 5 in Armour
  3340 | D:8      | Reached **** piety under Trog
  3478 | D:8      | Killed Prince Ribbit
  3478 | D:8      | Reached skill level 5 in Fighting
  3978 | D:9      | Found a hazy altar of Hepliaklqana.
  4122 | D:9      | Reached skill level 14 in Axes
  4202 | D:9      | Found Tuopp's Antique Weapon Boutique.
  4279 | D:9      | Found a staircase to the Orcish Mines.
  4387 | D:9      | Reached XP level 10. HP: 77/83 MP: 9/9
  4506 | D:9      | Reached ***** piety under Trog
  4521 | D:9      | Found an ancient bone altar of Kikubaaqudgha.
  4629 | D:9      | Bought a runed broad axe for 252 gold pieces
  4674 | Orc:1    | Entered Level 1 of the Orcish Mines
  5055 | Orc:2    | Entered Level 2 of the Orcish Mines
  5075 | Orc:2    | HP: 4/84 [poisoned by an orc warrior]
  5078 | Orc:2    | HP: 1/84 [poisoned by an orc warrior]
  5079 | Orc:1    | Succumbed to an orc warrior's poison

Skill      XL: |  1  2  3  4  5  6  7  8  9 10 |
---------------+-------------------------------+-----
Axes           | 4 6 8 9 11 13 14 | 14.5
Armour         | 4 8 9 |  9.1
Fighting       | 4 6 |  6.4
Dodging        | |  2.1

Action                   |  1- 3 |  4- 6 |  7- 9 | 10-12 || total
-------------------------+-------+-------+-------+-------++-------
Melee: Hand axe          |    45 |   135 |       |       ||   180
       Headbutt          |     5 |    27 |    56 |     8 ||    96
       War axe           |       |    24 |   289 |    11 ||   324
       Kick              |       |       |    33 |    13 ||    46
       Broad axe         |       |       |       |    28 ||    28
Throw: Tomahawk          |       |       |     7 |       ||     7
Invok: Trog's Hand       |       |       |       |     2 ||     2
       Berserk           |       |       |       |     1 ||     1
       Brothers in Arms  |       |       |       |     1 ||     1
  Use: Scroll            |     6 |     2 |     4 |       ||    12
       Potion            |       |       |     9 |       ||     9
  Eat: Chunk             |       |     4 |     7 |     4 ||    15
Armor: Chain mail        |    13 |   101 |   164 |    32 ||   310
       Animal skin       |     1 |       |       |       ||     1
       Skin              |       |       |     3 |       ||     3
Dodge: Dodged            |    35 |    81 |   107 |    33 ||   256
